 Dungeon Crawl Stone Soup version 0.22-a0-252-gcace5d2d35 (webtiles) character file.

10542 Manul the Covert (level 11, 0/98 HPs)
             Began as a Demonspawn Assassin on Mar 2, 2018.
             Was an Initiate of Gozag.
             Slain by an orc wizard
             ... wielding a +0 dagger of pain
              (1 damage)
             ... on level 12 of the Dungeon.
             The game lasted 00:20:35 (15163 turns).

Manul the Covert (Demonspawn Assassin)             Turns: 15163, Time: 00:20:35

Health: 0/98       AC:  9    Str: 14    XL:     11   Next: 37%
Magic:  0/11       EV:  2    Int: 13    God:    Gozag
Gold:   877        SH:  0    Dex: 22    Spells: 10/10 levels left

rFire    . . .     SeeInvis +   l - +3 whip (drain)
rCold    . . .     Gourm    .   (no shield)
rNeg     + + +     Faith    .   E - +1 leather armour of Defiance {Str+3 SInv}
rPois    ∞         Spirit   +   (helmet restricted)
rElec    .         Reflect  .   d - +0 cloak
rCorr    .         Harm     .   y - +0 pair of gloves
MR       .....     Clarity  +   z - +1 pair of boots
Stlth    ++++++....             (no amulet)
HPRegen  0.26/turn              (no ring)
MPRegen  0.24/turn              (no ring)

@: petrified, gold aura
A: horns 2, thin skeletal structure 2, clarity, robust 2, magic shield, magic
regeneration
a: Potion Petition, Call Merchant, Bribe Branch, Renounce Religion


You were on level 12 of the Dungeon.
You worshipped Gozag.
Gozag was pleased with you.
You were not hungry.

You visited 2 branches of the dungeon, and saw 13 of its levels.

You collected 1172 gold pieces.
You spent 135 gold pieces at shops.
You paid 160 gold pieces to Gozag.

Inventory:

Hand Weapons
 a - a +2 dagger
 b - a +0 blowgun
 l - a +3 whip of draining (weapon)
 q - a +0 dagger of protection
 t - a +0 spear of distortion
 G - a +0 war axe of draining
Missiles
 e - 19 poisoned needles
 f - 2 curare-tipped needles
 v - 2 needles of sleeping
Armour
 d - a +0 cloak (worn)
 y - a +0 pair of gloves (worn)
 z - a +1 pair of boots (worn)
 E - the +1 leather armour of Defiance (worn) {Str+3 SInv}
   (You found it on level 7 of the Dungeon)

   It affects your strength (+3).
   It lets you see invisible.
Wands
 j - a wand of random effects (27)
 r - a wand of acid (10)
 F - a wand of iceblast (8)
 I - a wand of clouds (2)
 J - a wand of flame (34)
Scrolls
 i - a scroll of brand weapon {unknown}
 m - 8 scrolls of identify {unknown}
 o - 7 scrolls of remove curse
 s - 5 scrolls of teleportation
 u - 2 scrolls of amnesia {unknown}
 x - 2 scrolls of magic mapping
 A - a scroll of fear
 B - 2 scrolls of fog
 C - a scroll of enchant armour {unknown}
 H - a scroll of acquirement {unknown}
 K - 2 scrolls of blinking
Potions
 c - a potion of heal wounds
 h - 2 potions of curing {unknown}
 k - 2 potions of mutation
 n - a potion of brilliance {unknown}
 p - 2 potions of magic {unknown}
 w - 3 potions of agility
 D - 2 potions of might
Comestibles
 g - 13 rations


   Skills:
 + Level 6.3 Fighting
 + Level 5.3 Short Blades
 + Level 7.5 Maces & Flails
 - Level 2.0 Throwing
 + Level 6.7 Armour
 + Level 6.4 Dodging
 * Level 10.0 Stealth
 + Level 0.6 Evocations


You had 10 spell levels left.
You didn't know any spells.

Dungeon Overview and Level Annotations

Branches:
Dungeon (12/15)            Temple (1/1) D:6
   Lair: D:8-11         Orc: D:9-12

Altars:
Ashenzari
Cheibriados
Dithmenos
Elyvilon
Fedhas
Gozag
Hepliaklqana
Kikubaaqudgha
Makhleb
Nemelex Xobeh
Okawaru
Qazlal
Ru
Sif Muna
Trog
Uskayaw
Vehumet
Wu Jian
Xom
Yredelemnul
Zin
The Shining One

Shops:
D:8 *   D:9 *   D:11 ?*


Innate Abilities, Weirdness & Mutations

You have a pair of horns on your head.
You have a moderately thin skeletal structure. (Dex +4, Stealth+)
When hurt, damage is shared between your health and your magic reserves.
You regenerate magic rapidly.
You possess an exceptional clarity of mind.
You are very robust. (+20% HP)


Message History

The eight-headed hydra barely misses you.
The orc hits you.
* * * LOW HITPOINT WARNING * * *
The orc wizard hits you but does no damage.
The eight-headed hydra bites you.
* * * LOW HITPOINT WARNING * * *
The eight-headed hydra bites you!
* * * LOW HITPOINT WARNING * * *
The eight-headed hydra bites you but does no damage.
The eight-headed hydra bites you.
* * * LOW HITPOINT WARNING * * *
The eight-headed hydra bites you but does no damage.
The eight-headed hydra bites you.
The eight-headed hydra bites you but does no damage.
The eight-headed hydra bites you!
* * * LOW HITPOINT WARNING * * *
The orc barely misses you.
The orc wizard hits you with a dagger of pain.
You die...
Your body crumbles into a pile of gold.

.# .# #.# ..# $ #####
..# #<..##### ..#
#.......# ##..#
#...###.######o..##.#
##.## #..(...@oo....#
#.# ########D.###.#
#.# #..# #.# #..# #.#
#..# #.# .... $ ##...
###


You could see an eight-headed hydra, 2 orc wizards and an orc.

Vanquished Creatures
  3 two-headed ogres
  A cyclops (D:11)
  2 centaur zombies
  A hippogriff (D:10)
  Prince Ribbit (D:9)
  6 yaks (D:10)
  A spriggan (D:8)
  A basilisk (D:12)
  Sigmund (D:5)
  2 hungry ghosts
  A water moccasin (D:10)
  Duvessa (D:3)
  7 ice beasts
  4 orc warriors
  2 sky beasts
  3 black bears
  2 phantoms
  5 ogres
  6 centaurs
  7 bullfrogs
  Dowan (D:3)
  3 scorpions
  2 water moccasin skeletons
  6 killer bees (D:8)
  A howler monkey (D:4)
  8 wights
  4 crimson imps
  2 jellies
  A bullfrog zombie (D:11)
  A centaur skeleton (D:11)
  5 orc priests
  9 hounds
  12 orc wizards
  3 bullfrog skeletons
  5 worker ants
  5 iguanas
  A hound skeleton (D:9)
  Robin (D:2)
  A howler monkey skeleton (D:4)
  10 adders
  3 shadow imps
  An ooze (D:1)
  2 worms
  A dart slug (D:3)
  5 leopard geckos
  39 orcs
  4 giant cockroaches
  13 goblins
  11 hobgoblins
  16 jackals
  3 quokkas
  A ball python (D:3)
  5 bats
  6 frilled lizards
  8 kobolds
  2 quokka zombies
  9 rats
267 creatures vanquished.

Vanquished Creatures (others)
  An orc wizard (D:11)
1 creature vanquished.

Grand Total: 268 creatures vanquished

Notes
Turn   | Place    | Note
-------+----------+-------------------------------------------
     0 | D:1      | Manul the Demonspawn Assassin began the quest for the Orb.
     0 | D:1      | Reached XP level 1. HP: 16/16 MP: 1/1
   126 | D:1      | Found a glowing golden altar of the Shining One.
   157 | D:1      | Gained mutation: You have a pair of small horns on your head. [demonic ancestry]
   157 | D:1      | Reached XP level 2. HP: 10/22 MP: 2/2
   626 | D:1      | Reached skill level 1 in Dodging
   754 | D:1      | Reached skill level 4 in Stealth
  1327 | D:2      | Reached XP level 3. HP: 26/27 MP: 3/3
  1358 | D:2      | Noticed Sigmund
  1733 | D:2      | Found a shadowy altar of Dithmenos.
  1880 | D:2      | Noticed Robin
  1888 | D:2      | Gained mutation: You are robust. (+10% HP) [potion of mutation]
  1888 | D:2      | Gained mutation: You possess an exceptional clarity of mind. [potion of mutation]
  1888 | D:2      | Gained mutation: You are very robust. (+20% HP) [potion of mutation]
  1919 | D:2      | Killed Robin
  1919 | D:2      | Reached XP level 4. HP: 37/39 MP: 4/4
  2038 | D:2      | Reached skill level 1 in Armour
  2810 | D:3      | Found a deep blue altar of Sif Muna.
  2853 | D:3      | Found a basalt altar of Yredelemnul.
  3082 | D:4      | Noticed Duvessa
  3082 | D:4      | Noticed Dowan
  3798 | D:3      | Killed Duvessa
  3798 | D:3      | Reached skill level 5 in Stealth
  3798 | D:3      | Reached XP level 5. HP: 29/46 MP: 5/5
  3814 | D:3      | Killed Dowan
  3814 | D:3      | Gained mutation: When hurt, damage is shared between your health and your magic reserves. [demonic ancestry]
  3814 | D:3      | Reached XP level 6. HP: 31/55 MP: 6/6
  4218 | D:4      | Found an iron altar of Okawaru.
  5214 | D:5      | Entered Level 5 of the Dungeon
  5238 | D:5      | Gained mutation: You have a pair of horns on your head. [demonic ancestry]
  5238 | D:5      | Reached XP level 7. HP: 48/61 MP: 7/7
  5947 | D:5      | Killed Sigmund
  5947 | D:5      | Reached skill level 6 in Stealth
  5947 | D:5      | Gained mutation: You have a somewhat thin skeletal structure. (Dex +2, Stealth) [demonic ancestry]
  5947 | D:5      | Reached XP level 8. HP: 56/69 MP: 5/8
  7124 | D:6      | Found a staircase to the Ecumenical Temple.
  7183 | Temple   | Entered the Ecumenical Temple
  7360 | D:6      | Reached skill level 5 in Armour
  7964 | D:6      | Found a shattered altar of Ashenzari.
  7964 | D:6      | Found a burning altar of Makhleb.
  8263 | D:7      | Got a warped leather armour
  8274 | D:7      | Identified the +1 leather armour of Defiance {Str+3 SInv} (You found it on level 7 of the Dungeon)
  8303 | D:7      | Reached skill level 5 in Short Blades
  8393 | D:7      | Gained mutation: You have a moderately thin skeletal structure. (Dex +4, Stealth+) [demonic ancestry]
  8393 | D:7      | Reached XP level 9. HP: 62/78 MP: 7/9
  8721 | D:7      | Reached skill level 7 in Stealth
  9462 | D:7      | Reached skill level 1 in Maces & Flails
 10188 | D:8      | Reached skill level 5 in Dodging
 10217 | D:8      | Found Emeix's Assorted Antiques.
 10965 | D:9      | Reached XP level 10. HP: 83/87 MP: 8/10
 11161 | D:9      | Noticed a two-headed ogre
 11162 | D:9      | Noticed Prince Ribbit
 11178 | D:9      | Killed Prince Ribbit
 11178 | D:9      | Reached skill level 8 in Stealth
 11184 | D:9      | Killed a two-headed ogre
 11184 | D:9      | Reached skill level 5 in Fighting
 11184 | D:9      | Reached skill level 5 in Maces & Flails
 11305 | D:9      | Found a bloodstained altar of Trog.
 11325 | D:9      | Found Gozag's Platinum Reserve.
 11327 | D:9      | Found an opulent altar of Gozag.
 11345 | D:9      | Became a worshipper of Gozag Ym Sagoz the Greedy
 11831 | D:9      | Found a hazy altar of Hepliaklqana.
 11915 | D:10     | Entered Level 10 of the Dungeon
 12048 | D:10     | Reached skill level 9 in Stealth
 12314 | D:10     | Found a shimmering altar of Xom.
 12315 | D:10     | Found a shimmering altar of Xom.
 12315 | D:10     | Found a shimmering altar of Xom.
 12318 | D:10     | Found a shimmering altar of Xom.
 12319 | D:10     | Found a shimmering altar of Xom.
 12515 | D:10     | Noticed a two-headed ogre
 12530 | D:10     | Killed a two-headed ogre
 12530 | D:10     | Gained mutation: You regenerate magic rapidly. [demonic ancestry]
 12530 | D:10     | Reached XP level 11. HP: 27/97 MP: 2/11
 13550 | D:3      | Identified Sif Muna's Papyrus of Confrontation
 14210 | D:11     | Found Diacro's Assorted Antiques.
 14262 | D:11     | Found Poqo's Magic Scroll Boutique.
 14270 | D:11     | Bought a scroll of blinking for 135 gold pieces
 14767 | D:11     | Noticed a brown ugly thing
 15130 | D:12     | Noticed a two-headed ogre
 15152 | D:12     | Killed a two-headed ogre
 15152 | D:12     | Reached skill level 10 in Stealth
 15156 | D:12     | Noticed an eight-headed hydra
 15163 | D:12     | HP: 4/98 [eight-headed hydra (4)]
 15163 | D:12     | HP: 1/98 [eight-headed hydra (2)]
 15163 | D:12     | Slain by an orc wizard

Vault maps used:
D:1:      sevenhm_arrival_forest_fort_small_5, minmay_misc_feat_nine_boxes,
          tso_metal_star
D:2:      nicolae_dithmenos_through_a_glass_darkly, uniq_sigmund, uniq_robin
D:3:      old_standard_altar, led_sif_book, kennysheep_path_1
D:4:      okawaru_gym_becter, first_ration, uniq_duvessa
D:6:      amethyst_overflow_temple_binary, temple_fountains, serial_bayou,
          serial_bayou_pond_d, serial_bayou_ford_a, serial_bayou_pond_d,
          serial_bayou_pond_d
D:8:      serial_shops, shop, the_bakery
D:9:      lemuel_coloured_pillars_altar, nicolae_gozag_zags_fifth_avenue,
          kennysheep_mini, uniq_prince_ribbit1
D:10:     minmay_variable_closet, minivault_22, grunt_ministairs_12,
          xom_redecorated
D:11:     lair_entry_dummy, erik_orc_2, serial_shops, nicolae_shop_statue_plus,
          shop, nicolae_shop_crystal, shop, shop, billiards_dpeg
D:12:     serial_shops, nicolae_shop_trees, uniq_josephine
Temple:   cyrus_circular_temple

Skill      XL: |  1  2  3  4  5  6  7  8  9 10 11 |
---------------+----------------------------------+-----
Throwing       | 2 |  2.0
Dodging        | 1 2 3 4 5 6 |  6.4
Stealth        | 4 5 6 7 9 10 | 10.0
Short Blades   | 2 3 4 5 |  5.3
Armour         | 2 4 5 6 |  6.7
Fighting       | 3 4 5 6 |  6.3
Maces & Flails | 4 6 7 |  7.5
Evocations     | |  0.6

Action                   |  1- 3 |  4- 6 |  7- 9 | 10-12 || total
-------------------------+-------+-------+-------+-------++-------
Melee: Dagger            |   126 |   238 |   268 |     7 ||   639
       Headbutt          |    11 |    41 |   127 |   120 ||   299
       Whip              |       |    11 |   263 |   413 ||   687
 Fire: Blowgun           |       |       |       |    11 ||    11
Evoke: Wand              |       |     5 |     3 |     3 ||    11
  Use: Scroll            |     5 |     1 |     2 |     2 ||    10
       Potion            |     5 |       |     4 |     3 ||    12
 Stab: Sleeping          |     7 |     4 |    12 |    13 ||    36
       Distracted        |       |       |     1 |     7 ||     8
  Eat: Chunk             |     3 |     7 |    16 |     3 ||    29
       Ration            |       |     1 |     2 |     4 ||     7
Armor: Ring mail         |    63 |    95 |    58 |       ||   216
       Robe              |     1 |       |       |       ||     1
       Skin              |    75 |       |       |       ||    75
       Leather armour    |       |       |    88 |    95 ||   183
Dodge: Dodged            |    80 |   149 |   331 |   300 ||   860

Table legend:
 A = Spawn XP
 B = Non-spawn XP
 C = Spawn XP percentage of total XP
 D = Spawn monster count
 E = Non-spawn monster count
 F = Spawn count percentage of total count
 G = Total turns spent on level
                    A         B        C        D         E        F      G
               +---------+---------+-------+---------+---------+-------+---------
         Total |       0 |   15061 |   0.0 |       0 |     267 |   0.0 | 15163
               +---------+---------+-------+---------+---------+-------+---------
           D:1 |       0 |      46 |   0.0 |       0 |      21 |   0.0 |  1686
           D:2 |       0 |      89 |   0.0 |       0 |      28 |   0.0 |   672
           D:3 |       0 |     341 |   0.0 |       0 |      25 |   0.0 |  1940
           D:4 |       0 |     338 |   0.0 |       0 |      20 |   0.0 |  1219
           D:5 |       0 |     979 |   0.0 |       0 |      20 |   0.0 |  1393
           D:6 |       0 |     799 |   0.0 |       0 |      17 |   0.0 |  1581
           D:7 |       0 |    1241 |   0.0 |       0 |      31 |   0.0 |  1493
           D:8 |       0 |    1745 |   0.0 |       0 |      30 |   0.0 |  1287
           D:9 |       0 |    2306 |   0.0 |       0 |      24 |   0.0 |  1058
          D:10 |       0 |    4455 |   0.0 |       0 |      31 |   0.0 |  1449
          D:11 |       0 |    1622 |   0.0 |       0 |      15 |   0.0 |  1279
          D:12 |       0 |    1100 |   0.0 |       0 |       5 |   0.0 |    53
               +---------+---------+-------+---------+---------+-------+---------
